[Event "Titled Tuesday Blitz January 31 Early 2023"]
[White "Koellner, Ruben Gideon"]
[Black "Predke, Alexandr"]
[WhiteFideId "12993093"]
[BlackFideId "24107581"]
[WhiteElo "2426"]
[BlackElo "2685"]
[Result "0-1"]
[Round "05"]
[TimeControl "180+2"]
[Date "2023.01.31"]
[WhiteClock "0:00:05"]
[BlackClock "0:00:06"]

1. d4 Nc6 2. Nf3 d6 3. e4 e5 4. dxe5 Nxe5 5. Nxe5 dxe5 6. Qxd8+ Kxd8 7. Be3 Be6 8. Nd2 Bd6 9. Bc4 Ke7 10. Bxe6 Kxe6 11. Nc4 b5 12. Nd2 Nf6 13. f3 Nd7 14. Ke2 Nb6 15. b3 a5 16. Bxb6 cxb6 17. a4 Rhc8 18. c4 bxa4 19. Rxa4 Bb4 20. Rd1 b5 21. Ra2 Bxd2 22. Raxd2 bxc4 23. Rd6+ Ke7 24. Rd7+ Ke8 25. bxc4 Rxc4 26. R7d5 f6 27. Rd7 Rc2+ 28. Kf1 Rc1 29. Rd8+ Rxd8 30. Rxc1 a4 31. Rc7 Ra8 32. Rxg7 Ra6 33. Rc7 a3 34. Rc1 Kd7 35. Ke2 a2 36. Ra1 Kc6 37. Kd3 Kc5 38. Kc3 Ra8 39. h4 h6 40. Kb3 Kd4 41. g4 Ke3 42. g5 fxg5 43. hxg5 hxg5 44. Kb2 Kxf3 45. Rf1+ Kxe4 46. Ka1 g4 47. Rg1 Kf3 48. Rf1+ Kg2 49. Rf5 g3 50. Rxe5 Kf3 51. Rf5+ Kg4 52. Rf7 g2 53. Rg7+ Kf3 54. Rf7+ Ke2 55. Re7+ Kf1 56. Rf7+ Kg1 57. Rg7 Rf8 58. Kxa2 Kf2 0-1


[Site "https://www.chess.com"]

[Event "Titled Tuesday Blitz January 31 Early 2023"]
[White "Grandelius, Nils"]
[Black "Sipila, Vilka"]
[WhiteFideId "1710400"]
[BlackFideId "505455"]
[WhiteElo "2664"]
[BlackElo "2427"]
[Result "1-0"]
[Round "05"]
[TimeControl "180+2"]
[Date "2023.01.31"]
[WhiteClock "0:00:08"]
[BlackClock "0:00:05"]

1. Nf3 f5 2. d3 d6 3. e4 e5 4. exf5 Bxf5 5. d4 e4 6. Nfd2 d5 7. c4 Nc6 8. Nb3 Bb4+ 9. Nc3 Nf6 10. Bg5 O-O 11. Be2 h6 12. Bh4 a5 13. a3 Be7 14. Bxf6 Bxf6 15. Nxd5 a4 16. Nc5 Bxd4 17. Nxa4 Qh4 18. O-O Be5 19. g3 Qh3 20. Nac3 Nd4 21. Ne7+ Kh8 22. Nxf5 Qxf5 23. Bg4 Qg6 24. Bh5 Qh7 25. Qg4 Nf3+ 26. Kg2 Nd2 27. Rfe1 Bd4 28. Re2 Bxc3 29. bxc3 e3 30. Bg6 Qg8 31. Rxe3 Nxc4 32. Re7 Ra5 33. Rae1 Rg5 34. Qe6 Nd6 35. h4 Qxe6 36. R1xe6 Rc5 37. Re3 Kg8 38. h5 Rf6 39. Rd7 Rf8 40. Ree7 Nf5 41. Bxf5 Rfxf5 42. Rxg7+ Kf8 43. Rh7 Ke8 44. Rxc7 Rxc7 45. Rxc7 Rxh5 46. Rxb7 Ra5 47. Rh7 Ra6 48. c4 Kf8 49. c5 Kg8 50. Rd7 Kf8 51. Rd6 Rxa3 52. Rxh6 Rc3 53. Rh5 Kf7 54. g4 Kg6 55. f3 Rc2+ 56. Kg3 Rc1 57. Rd5 Rc4 58. Rd6+ Kf7 59. c6 Ke7 60. Rh6 Kf7 61. g5 Rc1 62. Kg4 Kg7 63. f4 Rc4 64. Rd6 Kf7 65. g6+ Kg7 66. Kg5 Kg8 67. Rd8+ Kg7 68. Rd7+ Kg8 69. Kh6 1-0


[Site "https://www.chess.com"]

[Event "Titled Tuesday Blitz January 31 Early 2023"]
[White "Kamsky, Gata"]
[Black "Souleidis, Georgios"]
[WhiteFideId "2000024"]
[BlackFideId "4206827"]
[WhiteElo "2665"]
[BlackElo "2419"]
[Result "1-0"]
[Round "05"]
[TimeControl "180+2"]
[Date "2023.01.31"]
[WhiteClock "0:01:27"]
[BlackClock "0:00:36"]

1. d4 Nf6 2. Bf4 g6 3. c3 Bg7 4. Nf3 O-O 5. Nbd2 d6 6. h3 Nfd7 7. e4 e5 8. dxe5 dxe5 9. Be3 Qe7 10. Bc4 Nb6 11. Bb3 Be6 12. Bxe6 Qxe6 13. Qb3 Qe7 14. a4 Na6 15. a5 Nd7 16. Qxb7 Ndc5 17. Qc6 Rab8 18. b4 Nd3+ 19. Ke2 Naxb4 20. cxb4 Nxb4 21. Qc4 Rfd8 22. Rhb1 1-0


[Site "https://www.chess.com"]

[Event "Titled Tuesday Blitz January 31 Early 2023"]
[White "Yuan, Qingyu"]
[Black "Volkov, Maksim"]
[WhiteFideId "8609772"]
[BlackFideId "54123070"]
[WhiteElo "2373"]
[BlackElo "2258"]
[Result "1-0"]
[Round "05"]
[TimeControl "180+2"]
[Date "2023.01.31"]
[WhiteClock "0:00:52"]
[BlackClock "0:01:10"]

1. e4 c5 2. Nf3 d6 3. Bb5+ Nd7 4. c3 a6 5. Ba4 b5 6. Bc2 Bb7 7. d4 cxd4 8. cxd4 e6 9. a3 Ngf6 10. Nc3 Be7 11. O-O O-O 12. Qe2 Rc8 13. h3 h6 14. Be3 Nb6 15. Nd2 Qc7 16. Rac1 Rfd8 17. Bb1 Nc4 18. Nxc4 bxc4 19. Rfd1 Qa5 20. d5 exd5 21. exd5 Re8 22. Qf3 Nd7 23. Bxh6 gxh6 24. Qg4+ Kh8 25. Qxd7 Qb6 26. Qf5 Kg7 27. Qh7+ Kf6 28. Qxh6+ Ke5 29. Re1+ Kd4 30. Qe3# 1-0


[Site "https://www.chess.com"]

[Event "Titled Tuesday Blitz January 31 Early 2023"]
[White "Ozen, Bahadir"]
[Black "Atakhan, Abtin"]
[WhiteFideId "6337058"]
[BlackFideId "22502203"]
[WhiteElo "2369"]
[BlackElo "2422"]
[Result "1/2-1/2"]
[Round "05"]
[TimeControl "180+2"]
[Date "2023.01.31"]
[WhiteClock "0:00:08"]
[BlackClock "0:00:05"]

1. g3 Nf6 2. Bg2 d5 3. Nf3 g6 4. c4 dxc4 5. Qa4+ c6 6. Qxc4 Bg7 7. O-O O-O 8. d3 Nbd7 9. Qh4 Re8 10. Bh6 Bh8 11. Nc3 Qa5 12. Rab1 Nb6 13. b4 Qh5 14. Qxh5 Nxh5 15. Rfc1 a6 16. Be3 Bxc3 17. Bxb6 Bg7 18. a4 Bd7 19. Nd2 Nf6 20. e4 Be6 21. Nb3 Nd7 22. Be3 Rec8 23. f4 f5 24. Na5 Ba2 25. e5 Bxb1 26. Rxb1 Rc7 27. d4 e6 28. Nc4 Bf8 29. a5 Be7 30. Kf2 Rd8 31. Bf3 Rcc8 32. h3 Kf7 33. Ke2 Nf8 34. Nb6 Rb8 35. g4 Re8 36. Kd3 Bd8 37. Nc4 Bc7 38. Rg1 Rbd8 39. Kc3 Rd7 40. g5 Red8 41. h4 Rb8 42. Ra1 Rdd8 43. h5 Nd7 44. Rh1 Kg7 45. h6+ Kf7 46. Ra1 Ke7 47. Bg2 Rdc8 48. Kd3 Nf8 49. Bf3 Nd7 50. Bg2 Bd8 51. Nd6 Rc7 52. Bf3 Nf8 53. Nc4 Rd7 54. Kc3 Bc7 55. Bg2 Rbd8 56. Nd2 Bb8 57. Nb3 Ba7 58. Rd1 Rc8 59. Kc4 Rdd8 60. Bf3 b6 61. axb6 Bxb6 62. Ra1 Nd7 63. Rxa6 Rb8 64. Bxc6 Rdc8 65. b5 Bd8 66. Ra7 Rc7 67. Rxc7 Bxc7 68. Bxd7 Kxd7 69. Nc5+ Ke7 70. Na6 Rc8 71. Nc5 Ba5 72. d5 exd5+ 73. Kxd5 Bb6 74. Bd4 Rd8+ 75. Kc4 Rc8 76. Kd5 Rd8+ 77. Kc4 Rc8 78. Kd5 1/2-1/2


[Site "https://www.chess.com"]

[Event "Titled Tuesday Blitz January 31 Early 2023"]
[White "Karthik Rajaa"]
[Black "Pakleza, Zbigniew"]
[WhiteFideId "25035215"]
[BlackFideId "1119290"]
[WhiteElo "2276"]
[BlackElo "2494"]
[Result "0-1"]
[Round "05"]
[TimeControl "180+2"]
[Date "2023.01.31"]
[WhiteClock "0:01:57"]
[BlackClock "0:02:01"]

1. Nf3 d5 2. c4 c6 3. d4 Nf6 4. Nc3 Qb6 5. e3 Bf5 6. Be2 e6 7. O-O Be7 8. Bd3 Bg6 9. Ne5 Bxd3 10. Qxd3 Nbd7 11. Nxd7 Nxd7 12. e4 dxc4 13. Qxc4 O-O 14. Be3 Qb4 15. a3 Qxc4 0-1


[Site "https://www.chess.com"]

[Event "Titled Tuesday Blitz January 31 Early 2023"]
[White "Fiorito, Joaquin"]
[Black "Galchenko, Matvey"]
[WhiteFideId "180173"]
[BlackFideId "24175480"]
[WhiteElo "2405"]
[BlackElo "2438"]
[Result "0-1"]
[Round "05"]
[TimeControl "180+2"]
[Date "2023.01.31"]
[WhiteClock "0:00:10"]
[BlackClock "0:00:05"]

1. d4 Nf6 2. Nc3 d5 3. Bf4 a6 4. e3 b5 5. Nf3 Bb7 6. Ne5 Nbd7 7. a4 b4 8. Nb1 e6 9. Nd2 c5 10. c3 Nxe5 11. Bxe5 Nd7 12. Bg3 bxc3 13. bxc3 Qa5 14. Qb3 Bc6 15. Be2 cxd4 16. exd4 Be7 17. O-O O-O 18. Rfb1 Rfc8 19. Bd3 Nf6 20. Qc2 Bd7 21. c4 dxc4 22. Nxc4 Qg5 23. Qe2 Nd5 24. Ne5 Be8 25. Nf3 Qh5 26. Qd2 a5 27. Rb7 Bb4 28. Qe2 Bc6 29. Rb5 Bxb5 30. axb5 a4 31. Rb1 Nc3 32. Qc2 Nxb1 33. Qxb1 Ba3 34. Bf1 Rc1 35. Qa2 Be7 36. b6 Qb5 37. Nd2 Qxb6 38. h4 Qxd4 39. Kh2 Ra1 40. Qc2 Rd8 41. Nf3 Qd1 42. Qc4 Qxf1 43. Qc7 Qh1# 0-1


[Site "https://www.chess.com"]

[Event "Titled Tuesday Blitz January 31 Early 2023"]
[White "Arabidze, Meri"]
[Black "Pulpan, Jakub"]
[WhiteFideId "13604040"]
[BlackFideId "302759"]
[WhiteElo "2441"]
[BlackElo "2427"]
[Result "0-1"]
[Round "05"]
[TimeControl "180+2"]
[Date "2023.01.31"]
[WhiteClock "0:00:16"]
[BlackClock "0:01:15"]

1. Nf3 Nf6 2. g3 g6 3. Bg2 Bg7 4. O-O O-O 5. d4 b6 6. c4 Bb7 7. Nc3 Ne4 8. Bd2 e6 9. Rc1 Na6 10. Nxe4 Bxe4 11. Bc3 c6 12. Bh3 Bxf3 13. exf3 d5 14. Qa4 Nb8 15. f4 a6 16. Rfd1 b5 17. cxb5 cxb5 18. Qa3 Nc6 19. Bb4 Nxd4 20. Qe3 Qf6 21. Bxf8 Rxf8 22. Bf1 Nf5 23. Qb6 Qxb2 24. Qxa6 Bd4 25. Kh1 Qxf2 26. Bg2 Ne3 27. Rg1 Ng4 28. Rgf1 Qg1+ 0-1


[Site "https://www.chess.com"]

[Event "Titled Tuesday Blitz January 31 Early 2023"]
[White "Rakhmanov, Aleksandr"]
[Black "Royal, Shreyas"]
[WhiteFideId "4173708"]
[BlackFideId "448869"]
[WhiteElo "2632"]
[BlackElo "2438"]
[Result "1-0"]
[Round "05"]
[TimeControl "180+2"]
[Date "2023.01.31"]
[WhiteClock "0:00:04"]
[BlackClock "0:00:32"]

1. d4 Nf6 2. c4 e6 3. Nc3 d5 4. Bg5 Bb4 5. e3 O-O 6. Nf3 h6 7. Bxf6 Qxf6 8. a3 Bxc3+ 9. bxc3 dxc4 10. Bxc4 c5 11. O-O Nc6 12. Qe2 b6 13. Rad1 Bb7 14. e4 cxd4 15. cxd4 Rfd8 16. d5 exd5 17. Bxd5 Qe7 18. Rfe1 Rab8 19. Qa2 Rd7 20. Rd2 Rbd8 21. Red1 Kf8 22. h3 Na5 23. a4 Bxd5 24. exd5 Rd6 25. Qc2 Qb7 26. Qh7 f6 27. Re1 Nc4 28. Rde2 Qxd5 29. Nh4 Ne5 30. f4 Qd4+ 31. Kh1 Qxf4 32. Rxe5 Qxh4 33. Qh8+ Kf7 34. Re7+ Kg6 35. Qxg7+ Kf5 36. Rf1+ 1-0


[Site "https://www.chess.com"]

[Event "Titled Tuesday Blitz January 31 Early 2023"]
[White "Zhu, Jiner"]
[Black "Avila Pavas, Santiago"]
[WhiteFideId "8608059"]
[BlackFideId "4437128"]
[WhiteElo "2507"]
[BlackElo "2522"]
[Result "0-1"]
[Round "05"]
[TimeControl "180+2"]
[Date "2023.01.31"]
[WhiteClock "0:00:06"]
[BlackClock "0:00:07"]

1. c4 e5 2. Nc3 Nf6 3. Nf3 Bb4 4. Nxe5 O-O 5. d4 d5 6. e3 Nc6 7. Nxc6 bxc6 8. Bd3 Bg4 9. Qc2 Re8 10. O-O Rb8 11. Bd2 h6 12. h3 Bh5 13. Ne2 Bd6 14. c5 Bf8 15. Nf4 Qd7 16. Bf5 Qe7 17. g4 g6 18. Nxh5 Nxh5 19. gxh5 gxf5 20. Qxf5 Rxb2 21. Bc3 Rbb8 22. Kh2 Bg7 23. Rg1 Kf8 24. Rg4 Qf6 25. Qh7 Re4 26. Kg3 Re6 27. Rf4 Qg5+ 28. Kh2 Qxh5 29. Rg1 Bf6 30. Rg8+ Ke7 31. Rxb8 Bg5 32. Qg8 Bxf4+ 33. exf4 Kf6 34. Qh8+ Kf5 35. Bd2 Re2 36. Be3 Rxe3 37. Qc8+ Re6 38. Rb3 Qe2 39. Kg2 Qe4+ 40. Kf1 Kxf4 41. Re3 Qh1+ 42. Ke2 Qf3+ 43. Kd2 Qxf2+ 44. Kd1 Qf1+ 45. Kc2 Rxe3 46. Qxc7+ Kf3 47. Qxf7+ Ke2 48. Qh5+ Qf3 49. Qxh6 Rc3+ 50. Kb2 Kd1 51. Qe6 Rc2+ 52. Kb1 Rc1+ 53. Kb2 Qc3# 0-1


[Site "https://www.chess.com"]

[Event "Titled Tuesday Blitz January 31 Early 2023"]
[White "Subelj, Jan"]
[Black "De Silva, L M S T"]
[WhiteFideId "14618583"]
[BlackFideId "9953698"]
[WhiteElo "2513"]
[BlackElo "2452"]
[Result "0-1"]
[Round "05"]
[TimeControl "180+2"]
[Date "2023.01.31"]
[WhiteClock "0:00:14"]
[BlackClock "0:01:05"]

1. Nc3 c5 2. b3 d5 3. e4 d4 4. Bb5+ Bd7 5. Bxd7+ Nxd7 6. Nce2 g6 7. d3 Bg7 8. Nf3 e5 9. O-O Ne7 10. Nd2 O-O 11. f4 f5 12. a3 fxe4 13. Nxe4 Nd5 14. Qe1 Qe7 15. Bd2 Bh6 16. Qg3 N7f6 17. Qh3 Nh5 18. f5 Bxd2 19. Nxd2 Ne3 20. fxg6 Nxf1 21. gxh7+ Qxh7 22. Nxf1 Nf4 23. Nxf4 Rxf4 24. Qe6+ Qf7 25. Qxe5 Re8 26. Qg5+ Kh7 27. Ng3 b6 28. Rf1 Rxf1+ 29. Nxf1 Rf8 30. Qh4+ Kg7 31. Qg5+ Qg6 32. Qxg6+ Kxg6 33. Nd2 b5 34. Ne4 Rc8 35. Nd6 Rb8 36. Ne4 c4 37. bxc4 bxc4 38. dxc4 Rb2 39. c5 Rxc2 40. Kf1 d3 41. Ke1 Re2+ 42. Kd1 Rxe4 0-1


[Site "https://www.chess.com"]

[Event "Titled Tuesday Blitz January 31 Early 2023"]
[White "Averjanov, Alexey"]
[Black "Hambleton, Aman"]
[WhiteFideId "14109867"]
[BlackFideId "2606577"]
[WhiteElo "2399"]
[BlackElo "2420"]
[Result "1/2-1/2"]
[Round "05"]
[TimeControl "180+2"]
[Date "2023.01.31"]
[WhiteClock "0:02:55"]
[BlackClock "0:00:47"]

1. d4 Nf6 2. c4 e6 3. Nf3 b6 4. g3 Ba6 5. Nbd2 Bb4 6. Qc2 Bb7 7. Bg2 Be4 8. Qd1 Bxd2+ 9. Qxd2 O-O 10. O-O d6 11. b3 Nbd7 12. Bb2 Re8 13. Rac1 h6 14. Rfd1 Qe7 15. Ne1 Bxg2 16. Nxg2 c6 17. Nf4 d5 18. cxd5 cxd5 19. Rc6 Rec8 20. Rdc1 Rxc6 21. Rxc6 1/2-1/2


[Site "https://www.chess.com"]

[Event "Titled Tuesday Blitz January 31 Early 2023"]
[White "Lewtak, Damian"]
[Black "Shipov, Sergei"]
[WhiteFideId "1141724"]
[BlackFideId "4113624"]
[WhiteElo "2381"]
[BlackElo "2541"]
[Result "0-1"]
[Round "05"]
[TimeControl "180+2"]
[Date "2023.01.31"]
[WhiteClock "0:00:48"]
[BlackClock "0:00:54"]

1. a4 d5 2. h4 c5 3. c3 e5 4. Qc2 Nc6 5. g3 f5 6. Bg2 Nf6 7. e3 e4 8. Ne2 Ne5 9. O-O Bd6 10. Nf4 O-O 11. d4 Neg4 12. dxc5 Bxc5 13. b4 Bb6 14. c4 d4 15. c5 dxe3 16. cxb6 exf2+ 17. Kh1 Qxb6 18. Nc3 Bd7 19. Nd1 e3 20. Qb3+ Kh8 21. Nxe3 Bc6 22. Nxg4 Nxg4 23. b5 Bxg2+ 24. Kxg2 Rae8 25. Bd2 Qd4 26. Qc3 Qe4+ 27. Qf3 Qc2 28. Rxf2 Nxf2 29. Qxf2 Re4 30. Be3 Qc3 31. Bxa7 Qxa1 0-1


[Site "https://www.chess.com"]

[Event "Titled Tuesday Blitz January 31 Early 2023"]
[White "Corrales Jimenez, Fidel"]
[Black "Sharapov, Evgeny"]
[WhiteFideId "3506690"]
[BlackFideId "14103133"]
[WhiteElo "2489"]
[BlackElo "2375"]
[Result "1-0"]
[Round "05"]
[TimeControl "180+2"]
[Date "2023.01.31"]
[WhiteClock "0:00:29"]
[BlackClock "0:00:01"]

1. d4 Nf6 2. Nc3 d5 3. Bf4 c6 4. e3 Qb6 5. Rb1 g6 6. h4 h5 7. Nf3 Bg4 8. Be2 Bg7 9. Ne5 Bxe2 10. Qxe2 Nbd7 11. a3 O-O 12. b4 Nxe5 13. Bxe5 Rfe8 14. O-O Ne4 15. Nxe4 Bxe5 16. dxe5 dxe4 17. Qc4 Rad8 18. Qxe4 Rd2 19. e6 f5 20. Qf4 Rd6 21. Rbd1 Red8 22. Rd3 Rxd3 23. cxd3 Rd6 24. e4 Qb5 25. e5 Rxe6 26. d4 Qd5 27. Rc1 b6 28. Qe3 Kg7 29. f4 a5 30. bxa5 Qxa5 31. Kh2 Qd5 32. a4 c5 33. dxc5 bxc5 34. Rxc5 Qa2 35. a5 Ra6 36. Qc3 Qa4 37. Kg3 Kf7 38. Qd3 Re6 39. Qd5 Qa3+ 40. Kh2 1-0


[Site "https://www.chess.com"]

[Event "Titled Tuesday Blitz January 31 Early 2023"]
[White "Md, Imran"]
[Black "Sokolovsky, Yahli"]
[WhiteFideId "25748580"]
[BlackFideId "2820242"]
[WhiteElo "2284"]
[BlackElo "2461"]
[Result "1-0"]
[Round "05"]
[TimeControl "180+2"]
[Date "2023.01.31"]
[WhiteClock "0:01:18"]
[BlackClock "0:00:06"]

1. Nf3 d6 2. d4 g6 3. Nc3 Bg7 4. e4 a6 5. a4 Nc6 6. Be2 e5 7. dxe5 Nxe5 8. Nxe5 Bxe5 9. O-O g5 10. Nd5 c6 11. Nb4 Be6 12. Nd3 Bg7 13. f4 Qb6+ 14. Kh1 gxf4 15. Nxf4 O-O-O 16. Nxe6 fxe6 17. Bg5 Rd7 18. Bg4 Qxb2 19. Bxe6 Qxa1 20. Bxd7+ Kc7 21. Qxa1 Bxa1 22. Be6 Be5 23. Rf8 h6 24. Bd8+ Kb8 25. Bb6# 1-0


[Site "https://www.chess.com"]

[Event "Titled Tuesday Blitz January 31 Early 2023"]
[White "Cella, Glaucio Dalla Cortt"]
[Black "Ajay, Karthikeyan"]
[WhiteFideId "2119455"]
[BlackFideId "35011685"]
[WhiteElo "1894"]
[BlackElo "2454"]
[Result "1-0"]
[Round "05"]
[TimeControl "180+2"]
[Date "2023.01.31"]
[WhiteClock "0:01:26"]
[BlackClock "0:00:03"]

1. e4 e5 2. Nf3 Nc6 3. d4 exd4 4. Bc4 Nf6 5. e5 d5 6. Bb5 Ne4 7. Nxd4 Bc5 8. Nxc6 bxc6 9. Bxc6+ Ke7 10. O-O Ba6 11. Nc3 Bxf1 12. Kxf1 Nxc3 13. bxc3 Rb8 14. Bg5+ f6 15. exf6+ gxf6 16. Qf3 Rf8 17. Bh6 Bd6 18. Re1+ Be5 19. Rxe5+ fxe5 20. Bg5+ Ke6 21. Qh3+ Kd6 22. Bxd8 Rbxd8 23. Ba4 e4 24. Qxh7 Rf6 25. Qh4 Rdf8 26. Qg3+ Rf4 27. Ke2 Kc5 28. Ke3 R4f7 29. f3 exf3 30. gxf3 Kc4 31. Qg4+ Kc5 32. Qb4# 1-0


[Site "https://www.chess.com"]

[Event "Titled Tuesday Blitz January 31 Early 2023"]
[White "Pein, Jonathan"]
[Black "Lymar, Vladislav"]
[WhiteFideId "417092"]
[BlackFideId "14162180"]
[WhiteElo "2265"]
[BlackElo "2119"]
[Result "0-1"]
[Round "05"]
[TimeControl "180+2"]
[Date "2023.01.31"]
[WhiteClock "0:00:15"]
[BlackClock "0:00:10"]

1. e4 c5 2. g3 Nc6 3. Bg2 g6 4. Ne2 Bg7 5. O-O d6 6. c3 Nf6 7. d4 O-O 8. h3 Qc7 9. Be3 b6 10. Na3 Ba6 11. Re1 Rac8 12. Rc1 Nd7 13. b4 Bb7 14. d5 Nd8 15. f4 Qb8 16. Qb3 e6 17. dxe6 Nxe6 18. Rcd1 Nf6 19. f5 Nc7 20. fxg6 hxg6 21. Nf4 Kh7 22. Rxd6 Nxe4 23. Rd7 c4 24. Nxc4 Rcd8 25. Red1 Rxd7 26. Rxd7 Nxc3 27. Nxg6 Kxg6 28. Qc2+ f5 29. Rxg7+ Kxg7 30. Qxc3+ Kh7 31. Qd3 Bxg2 32. Qd7+ Kg8 33. Kxg2 Qd8 34. Qc6 Qd5+ 35. Qxd5+ Nxd5 36. Bd2 Rc8 37. Nd6 Rc2 38. Nxf5 Rxd2+ 39. Kf3 Rxa2 40. b5 Nc3 41. Ne7+ Kf7 42. Nc6 Nxb5 43. Ne5+ Ke6 44. Ng4 Ra3+ 45. Kf4 a5 46. h4 Ra4+ 47. Kf3 Nd4+ 48. Kg2 Nf5 49. Nf2 Ra2 50. h5 a4 51. g4 Ne3+ 52. Kf3 Rxf2+ 53. Kxf2 Nxg4+ 54. Kg3 Nh6 0-1


[Site "https://www.chess.com"]

[Event "Titled Tuesday Blitz January 31 Early 2023"]
[White "Indjic, Aleksandar"]
[Black "Koepke, Christian"]
[WhiteFideId "911925"]
[BlackFideId "4655737"]
[WhiteElo "2618"]
[BlackElo "2308"]
[Result "1-0"]
[Round "05"]
[TimeControl "180+2"]
[Date "2023.01.31"]
[WhiteClock "0:01:48"]
[BlackClock "0:00:02"]

1. Nc3 d5 2. d4 Nf6 3. Bf4 c5 4. e3 cxd4 5. exd4 a6 6. h3 Nc6 7. Nf3 Bf5 8. Bd3 Bxd3 9. Qxd3 e6 10. O-O Bd6 11. Bg5 h6 12. Bxf6 Qxf6 13. Ne2 O-O 14. c3 Rad8 15. Rfe1 Rfe8 16. Qd2 e5 17. dxe5 Bxe5 18. Rad1 Bc7 19. Ned4 Bb6 20. Rxe8+ Rxe8 21. Kf1 Re4 22. Nc2 Ne7 23. Nb4 d4 24. Qd3 Qe6 25. cxd4 Nd5 26. Nxd5 Qxd5 27. Qb3 Qxb3 28. axb3 Kf8 29. Re1 Rxe1+ 30. Kxe1 Ke7 31. Ke2 Kd6 32. Kd3 Kd5 33. Ne5 Bxd4 34. Nxf7 Bxb2 35. Nh8 b5 36. Ng6 a5 37. Ne7+ Kc5 38. Nf5 a4 39. bxa4 bxa4 40. Kc2 Bf6 41. Kb1 a3 42. Ka2 Bb2 43. g4 Kd5 44. h4 Ke4 45. Nd6+ Kf3 46. g5 hxg5 47. hxg5 Kg4 48. Nf7 1-0


[Site "https://www.chess.com"]

[Event "Titled Tuesday Blitz January 31 Early 2023"]
[White "Zhigalko, Sergei"]
[Black "Borrmann, Laurenz"]
[WhiteFideId "13502956"]
[BlackFideId "312187930"]
[WhiteElo "2572"]
[BlackElo "2304"]
[Result "1-0"]
[Round "05"]
[TimeControl "180+2"]
[Date "2023.01.31"]
[WhiteClock "0:00:03"]
[BlackClock "0:00:03"]

1. e4 c6 2. d4 d5 3. e5 Bf5 4. Nf3 e6 5. Be2 a6 6. O-O Bg6 7. Nbd2 Nd7 8. Nb3 c5 9. c4 dxc4 10. Bxc4 b5 11. Be2 c4 12. Nbd2 Ne7 13. Nb1 Nd5 14. Nc3 Nxc3 15. bxc3 Nb6 16. Bg5 Be7 17. Qd2 O-O 18. Rfe1 Rb8 19. a3 h6 20. Bxe7 Qxe7 21. Bd1 Rfd8 22. Bc2 Bxc2 23. Qxc2 Nd5 24. Nd2 a5 25. Ne4 b4 26. cxb4 axb4 27. Qxc4 bxa3 28. Nd6 Ra8 29. g3 Qa7 30. Reb1 Qa4 31. Qd3 Nb4 32. Qf3 Rf8 33. Qc3 a2 34. Rxb4 Qa7 35. Qb3 Rfb8 36. Kg2 Qxd4 37. Rxb8+ Rxb8 38. Qxb8+ Kh7 39. Rxa2 Qd5+ 40. Kg1 Qxa2 41. Qc7 Qb1+ 42. Kg2 1-0


[Site "https://www.chess.com"]

[Event "Titled Tuesday Blitz January 31 Early 2023"]
[White "Rakhmatullaev, Almas"]
[Black "Ozates, Tuna"]
[WhiteFideId "14205793"]
[BlackFideId "6354521"]
[WhiteElo "2275"]
[BlackElo "2251"]
[Result "1-0"]
[Round "05"]
[TimeControl "180+2"]
[Date "2023.01.31"]
[WhiteClock "0:00:04"]
[BlackClock "0:00:05"]

1. e4 c5 2. c3 g6 3. d4 cxd4 4. cxd4 d5 5. e5 Nc6 6. Nc3 Bg7 7. Be3 Nh6 8. Bd3 Nf5 9. Nge2 Nxe3 10. fxe3 O-O 11. O-O f6 12. exf6 exf6 13. Nf4 Ne7 14. Qf3 Re8 15. Rae1 Bf5 16. Bxf5 Nxf5 17. Nfxd5 Rc8 18. Kh1 a6 19. a4 h5 20. Nf4 Ne7 21. Qxb7 Rb8 22. Qxa6 Rxb2 23. Qc4+ Kh7 24. Qf7 Rf8 25. Qxg7+ Kxg7 26. Ne6+ Kf7 27. Nxd8+ Rxd8 28. a5 Ra8 29. Ra1 Nf5 30. Nd5 Rb5 31. e4 Rbxa5 32. Rab1 Nxd4 33. Rb7+ Ke8 34. Nxf6+ Kf8 35. Nxh5+ Kg8 36. Nf6+ Kf8 37. Nd5+ Kg8 38. Ne7+ Kh8 39. Nxg6+ Kg8 40. Ne7+ Kh8 41. h3 Re8 42. Nd5 Ne2 43. Kh2 Rxe4 44. Rf8# 1-0


[Site "https://www.chess.com"]

[Event "Titled Tuesday Blitz January 31 Early 2023"]
[White "Rohith Krishna S"]
[Black "Roux, Baptiste"]
[WhiteFideId "46617051"]
[BlackFideId "36017450"]
[WhiteElo "2385"]
[BlackElo "2300"]
[Result "0-1"]
[Round "05"]
[TimeControl "180+2"]
[Date "2023.01.31"]
[WhiteClock "0:00:23"]
[BlackClock "0:00:12"]

1. e4 c5 2. d4 cxd4 3. c3 dxc3 4. Nxc3 Nc6 5. Nf3 e6 6. Bb5 a6 7. Ba4 b5 8. Bc2 Bb7 9. O-O Nge7 10. e5 Ng6 11. Re1 Qc7 12. Qe2 Bc5 13. Ne4 Be7 14. Ng3 O-O 15. h4 Rfd8 16. h5 Nf8 17. h6 d6 18. hxg7 Ng6 19. exd6 Bxd6 20. Nh5 Be7 21. Bh6 Nd4 22. Nxd4 Rxd4 23. Rac1 Rh4 24. Ng3 Bc5 25. Be3 Nf4 26. Bxh7+ Rxh7 27. Qc2 Qc6 28. f3 Bxe3+ 29. Rxe3 Qxc2 30. Rxc2 Rc8 31. Rd2 Rxg7 32. Kf2 Bd5 33. b3 Kh7 34. Re5 Rcg8 35. Rd1 Kg6 36. Ke3 Nxg2+ 37. Kf2 Kf6 38. Rexd5 exd5 39. Nh5+ Ke6 40. Nxg7+ Rxg7 41. Rg1 d4 42. Rc1 Kd5 43. Rc8 Ne3 44. Rd8+ Kc5 45. Rc8+ Kb4 46. Rd8 Kc3 47. f4 Kd3 48. Kf3 f5 49. a4 bxa4 50. bxa4 Kc3 51. Rd6 Nc4 52. Rxa6 d3 53. Ra8 Rd7 0-1


[Site "https://www.chess.com"]

[Event "Titled Tuesday Blitz January 31 Early 2023"]
[White "Salimova, Nurgyul"]
[Black "Manukyan, Artyom"]
[WhiteFideId "2915138"]
[BlackFideId "13305786"]
[WhiteElo "2391"]
[BlackElo "2110"]
[Result "1-0"]
[Round "05"]
[TimeControl "180+2"]
[Date "2023.01.31"]
[WhiteClock "0:01:16"]
[BlackClock "0:00:41"]

1. d4 d5 2. c4 e6 3. Nf3 Nf6 4. g3 Be7 5. Bg2 O-O 6. O-O dxc4 7. Qc2 a6 8. a4 Bd7 9. Rd1 Bc6 10. Bg5 b5 11. Bxf6 Bxf6 12. Nc3 Qe8 13. d5 exd5 14. Nd4 Bxd4 15. Rxd4 Nd7 16. Nxd5 Bxd5 17. Bxd5 Rd8 18. Rad1 c5 19. Re4 Ne5 20. f4 bxa4 21. Rxe5 Qb5 22. Kf2 Qb4 23. Qf5 Qxb2 24. Bxf7+ Kh8 25. Qxh7+ 1-0


[Site "https://www.chess.com"]

[Event "Titled Tuesday Blitz January 31 Early 2023"]
[White "Orlov, Georgi"]
[Black "Harshavardhan G B"]
[WhiteFideId "2011271"]
[BlackFideId "25059009"]
[WhiteElo "2453"]
[BlackElo "2408"]
[Result "1-0"]
[Round "05"]
[TimeControl "180+2"]
[Date "2023.01.31"]
[WhiteClock "0:01:02"]
[BlackClock "0:00:50"]

1. e4 e5 2. Nf3 Nc6 3. Bb5 a6 4. Bxc6 dxc6 5. O-O f6 6. d4 exd4 7. Nxd4 c5 8. Nb3 Qxd1 9. Rxd1 Bd7 10. Bf4 O-O-O 11. Nc3 b6 12. Nd5 Bc6 13. Bxc7 Rxd5 14. exd5 Kxc7 15. dxc6 Bd6 16. Rd2 Ne7 17. Rad1 Nc8 18. a4 a5 19. Re2 Rd8 20. g3 Na7 21. c3 Nxc6 22. Kf1 Ne5 23. f4 Nc4 24. Ke1 f5 25. Rd5 g6 26. Kd1 Kc6 27. Rd3 Rf8 28. Kc2 Bc7 29. Nd2 Nd6 30. Re7 Rh8 31. Re6 Rd8 32. Nc4 Bb8 33. Ne5+ Kb7 34. Re7+ Ka6 35. Nc6 1-0


[Site "https://www.chess.com"]